 Dungeon Crawl Stone Soup version 0.18-a0-946-g3ac5b32 (webtiles) character file.

8206 filipzpl the Fighter (level 11, -15/110 HPs)
             Began as a Minotaur Fighter on Dec 29, 2015.
             Was a High Priest of Okawaru.
             Killed from afar by an ice statue (20 damage)
             ... with a bolt of cold
             ... in an ice cave.
             The game lasted 00:39:10 (11367 turns).

filipzpl the Fighter (Minotaur Fighter)            Turns: 11367, Time: 00:39:11

Health: -15/110    AC: 16    Str: 24    XL:     11   Next: 6%
Magic:  10/10      EV:  6    Int:  5    God:    Okawaru [*****.]
Gold:   61         SH:  8    Dex: 12    Spells: 0 memorised, 10 levels left

rFire  + + .     SeeInvis +     y - +2 executioner's axe (flame)
rCold  . . .     Gourm    .     C - +1 plate armour
rNeg   . . .     Faith    .     (shield currently unavailable)
rPois  .         Spirit   .     (helmet restricted)
rElec  .         Dismiss  .     i - +0 cloak
rCorr  .         Reflect  +     p - +0 pair of gloves
SustAt .         Harm     .     (no boots)
MR     +....                    N - brooch of Shielding {Reflect SH+8}
Stlth  ..........               q - ring of protection from fire
                                n - ring of protection from magic

@: somewhat resistant to hostile enchantments, extremely unstealthy
A: retaliatory headbutt, horns 2, icy blue scales 1, see invisible, agile 1,
fire resistance 1
a: Heroism, Finesse, Renounce Religion


You were in an ice cave.
You worshipped Okawaru.
Okawaru was extremely pleased with you.
You were not hungry.

You visited 2 branches of the dungeon, and saw 11 of its levels.
You also visited: Ice Cave.

You collected 477 gold pieces.
You spent 416 gold pieces at shops.

Inventory:

Hand Weapons
 y - a +2 executioner's axe of flaming (weapon)
Armour
 i - a +0 cloak (worn)
 p - a +0 pair of gloves (worn)
 C - a +1 plate armour (worn)
Jewellery
 n - a ring of protection from magic (left hand)
 q - a ring of protection from fire (right hand)
 N - the brooch of Shielding (around neck) {Reflect SH+8}
   (You bought it in a shop on level 10 of the Dungeon)

   [amulet of reflection]

   It shields you and reflects attacks.
   It affects your SH (+8).
Wands
 h - a wand of confusion (27/48)
 t - a wand of digging (24/24)
 w - a wand of paralysis (1/24)
 z - a wand of fireball (7/15)
 E - a wand of enslavement (9/24)
 H - a wand of confusion (22/48)
 M - a wand of magic darts (11/48)
Scrolls
 b - a scroll of recharging
 j - 7 scrolls of remove curse
 l - 2 scrolls of amnesia
 m - 2 scrolls of blinking
 s - 4 scrolls of teleportation
 B - a scroll of magic mapping
 G - a scroll of fog
Potions
 d - a potion of might
 e - a potion of brilliance
 g - a potion of heal wounds
 o - 3 potions of curing
 A - a potion of magic
Books
 r - a book of Ice

   Spells                             Type                      Level
   a - Ice Form                       Ice/Transmutation            4
   b - Metabolic Englaciation         Hexes/Ice                    5
   c - Ozocubu's Refrigeration        Ice                          6
   d - Bolt of Cold                   Conjuration/Ice              6
   e - Freezing Cloud                 Conjuration/Ice/Air          6
   f - Simulacrum                     Ice/Necromancy               6
 v - a book of Death

   Spells                             Type                      Level
   a - Corpse Rot                     Necromancy                   2
   b - Sublimation of Blood           Necromancy                   2
   c - Agony                          Necromancy                   5
   d - Dispel Undead                  Necromancy                   5
   e - Excruciating Wounds            Charms/Necromancy            5
   f - Bolt of Draining               Conjuration/Necromancy       5
 D - a book of Enchantments

   Spells                             Type                      Level
   a - Cause Fear                     Hexes                        4
   b - Yara's Violent Unravelling     Hexes/Transmutation          5
   c - Silence                        Hexes/Air                    5
   d - Deflect Missiles               Charms/Air                   6
   e - Haste                          Charms                       6
   f - Discord                        Hexes                        8
 K - a book of the Warp

   Spells                             Type                      Level
   a - Recall                         Summoning/Translocation      3
   b - Gell's Gravitas                Hexes/Translocation          3
   c - Force Lance                    Conjuration/Translocation    4
   d - Phase Shift                    Translocation                5
   e - Warp Weapon                    Charms/Translocation         5
   f - Summon Forest                  Summoning/Translocation      5
Comestibles
 f - 13 bread rations
 k - 3 fruits
 u - 3 meat rations
 F - 2 royal jellies


   Skills:
 * Level 14.2 Fighting
 * Level 13.9 Axes
 + Level 4.2 Armour
   Level 3.7 Shields


You had 10 spell levels left.
You didn't know any spells.

Dungeon Overview and Level Annotations

Branches:
Dungeon (10/15)            Temple (0/1) D:6            Lair (1/8) D:9
    Orc (0/2) D:10

Altars:
Ashenzari
Cheibriados
Dithmenos
Elyvilon
Fedhas
Kikubaaqudgha
Makhleb
Nemelex Xobeh
Okawaru
Pakellas
Qazlal
Trog
Vehumet
Xom
Yredelemnul
Zin
The Shining One

Shops:
D:4 :   D:10 =

Annotations:
D:5 1 exclusion IceCv exclusion: 3 ice statues


Innate Abilities, Weirdness & Mutations

You reflexively headbutt those who attack you in melee.
You have a pair of horns on your head.
You are partially covered in icy blue scales (AC +1).
You have supernaturally acute eyesight.
You are agile. (Dex +2)
Your flesh is heat resistant.


Message History

You hit the ice statue but do no damage.
The ice statue is moderately damaged.
You are engulfed in freezing vapours.
You slash the ice statue!
You melt the ice statue.
You headbutt the ice statue!
The ice statue is severely damaged.
The ice statue throws cold at you. The bolt of cold hits you!
You hit the ice statue but do no damage.
The ice statue is severely damaged.
The ice statue throws cold at you. The freezing blast engulfs you!
* * * LOW HITPOINT WARNING * * *
You hit the ice statue.
You melt the ice statue.
Your headbutt misses the ice statue.
The ice statue is severely damaged.
You are engulfed in freezing vapours.
* * * LOW HITPOINT WARNING * * *
The ice statue throws cold at you. The bolt of cold hits you!
You die...

#.#.'..§....'.#.#
#'######'######'#
#...............#
####§.#####.8####
##§# #.## #§# #.#
#§# #.# #§##+##.#
#§§@§§§§#
####8#### ###


You could see an ice statue.

Vanquished Creatures
  Sonja (D:10)
  An ice statue (IceCv)
  3 ice devils (IceCv)
  A komodo dragon (Lair:1)
  A wyvern (D:9)
  A spriggan (D:7)
  3 slime creatures (D:9)
  Menkaure (D:4)
  2 ice beasts
  4 water moccasins (Lair:1)
  A porcupine (Lair:1)
  4 sky beasts
  5 orc warriors
  A black bear (D:8)
  7 ogres
  2 phantoms (D:6)
  A wasp (D:9)
  A necrophage (D:9)
  4 big kobolds
  A crocodile (Lair:1)
  6 giant frogs
  A water moccasin zombie (D:9)
  A gnoll sergeant (D:9)
  2 scorpions (D:5)
  5 wights (D:7)
  4 killer bees (D:7)
  2 crimson imps
  2 draconian simulacra (IceCv)
  2 centaur zombies
  An orc priest (D:9)
  A giant frog skeleton (D:6)
  6 hounds
  8 orc wizards
  5 worker ants
  Natasha (D:2)
  A killer bee zombie (D:9)
  2 troll simulacra (IceCv)
  A centaur simulacrum (IceCv)
  15 river rats (Lair:1)
  A worker ant zombie (D:8)
  3 gnolls (D:9)
  10 adders
  3 ogre simulacra (IceCv)
  2 shadow imps
  2 naga simulacra (IceCv)
  2 oozes
  3 adder skeletons
  A worm (D:2)
  8 giant geckos
  49 orcs
  7 giant cockroaches
  4 goblins
  7 hobgoblins
  11 jackals
  25 kobolds
  A quokka (D:6)
  2 ball pythons (D:1)
  5 bats
  4 giant newts
  2 quokka skeletons (D:4)
  A quokka zombie (D:4)
  9 rats
  3 fungi (Lair:1)
276 creatures vanquished.

Notes
Turn   | Place    | Note
--------------------------------------------------------------
     0 | D:1      | filipzpl the Minotaur Fighter began the quest for the Orb.
     0 | D:1      | Reached XP level 1. HP: 19/19 MP: 0/0
   112 | D:1      | Reached XP level 2. HP: 27/27 MP: 1/1
   311 | D:1      | Reached skill level 4 in Fighting
   501 | D:1      | Reached XP level 3. HP: 31/34 MP: 2/2
   682 | D:2      | Found a white marble altar of Elyvilon.
   837 | D:2      | Found a shadowy altar of Dithmenos.
  1014 | D:2      | Noticed Natasha
  1029 | D:2      | Killed Natasha
  1029 | D:2      | Reached skill level 5 in Fighting
  1029 | D:2      | Reached XP level 4. HP: 35/42 MP: 3/3
  1109 | D:2      | Found an iron altar of Okawaru.
  1150 | D:2      | Became a worshipper of Warmaster Okawaru
  1786 | D:3      | Reached XP level 5. HP: 48/48 MP: 4/4
  1997 | D:3      | Found a sparkling altar of Nemelex Xobeh.
  2163 | D:3      | Reached skill level 5 in Axes
  2479 | D:3      | Reached skill level 6 in Fighting
  2549 | D:4      | Found Kuxaac's Book Emporium.
  2571 | D:4      | Found a blossoming altar of Fedhas.
  2874 | D:4      | Reached XP level 6. HP: 50/58 MP: 5/5
  3377 | D:4      | Noticed Menkaure
  3400 | D:4      | Killed Menkaure
  3400 | D:4      | Reached * piety under Okawaru
  3400 | D:4      | Reached skill level 7 in Fighting
  3697 | D:4      | Reached XP level 7. HP: 66/66 MP: 6/6
  4082 | D:5      | Entered Level 5 of the Dungeon
  4170 | D:5      | Found an ancient bone altar of Kikubaaqudgha.
  4213 | D:5      | Reached skill level 8 in Fighting
  4580 | D:5      | Found an oddly glowing altar of Pakellas.
  4596 | D:5      | Reached ** piety under Okawaru
  4729 | D:5      | Found a burning altar of Makhleb.
  4772 | D:5      | Reached XP level 8. HP: 77/77 MP: 7/7
  4887 | D:5      | Reached skill level 9 in Fighting
  5082 | D:6      | Found a staircase to the Ecumenical Temple.
  5302 | D:6      | Found an iron altar of Okawaru.
  5319 | D:6      | Found a shimmering altar of Xom.
  5344 | D:6      | Found a stormy altar of Qazlal.
  5421 | D:6      | Found a snail-covered altar of Cheibriados.
  5672 | D:6      | Found a radiant altar of Vehumet.
  5691 | D:6      | Reached skill level 10 in Fighting
  5898 | D:6      | Found a glowing silver altar of Zin.
  5905 | D:6      | Found a shattered altar of Ashenzari.
  5905 | D:6      | Found a white marble altar of Elyvilon.
  5970 | D:6      | Reached *** piety under Okawaru
  6194 | D:7      | Reached skill level 10 in Axes
  6197 | D:7      | Reached XP level 9. HP: 60/86 MP: 4/8
  6206 | D:7      | Received a gift from Okawaru
  6460 | D:7      | Reached skill level 11 in Fighting
  6911 | D:8      | Reached **** piety under Okawaru
  6921 | D:8      | Found a bloodstained altar of Trog.
  7381 | D:9      | Reached skill level 12 in Fighting
  7714 | D:9      | Reached XP level 10. HP: 85/99 MP: 7/9
  7782 | D:9      | Found a basalt altar of Yredelemnul.
  7850 | D:9      | Found a staircase to the Lair.
  8161 | D:9      | Found a glowing golden altar of the Shining One.
  8535 | D:9      | Reached skill level 13 in Fighting
  8829 | D:10     | Entered Level 10 of the Dungeon
  8874 | D:10     | Found Utivuy's Jewellery Shop.
  8881 | D:10     | Bought the brooch of Shielding {Reflect SH+8} for 416 gold pieces
  8895 | D:10     | Noticed Sonja
  8921 | D:10     | Killed Sonja
  8968 | D:10     | Reached ***** piety under Okawaru
  9256 | D:10     | Paralysed by an orc for 4 turns
  9346 | D:10     | Found a staircase to the Orcish Mines.
  9406 | Lair:1   | Entered Level 1 of the Lair of Beasts
  9733 | Lair:1   | Received a gift from Okawaru
  9748 | Lair:1   | Gained mutation: You are partially covered in icy blue scales (AC +1). [potion of mutation]
  9748 | Lair:1   | Gained mutation: You are agile. (Dex +2) [potion of mutation]
  9748 | Lair:1   | Gained mutation: You have supernaturally acute eyesight. [potion of mutation]
  9749 | Lair:1   | Gained mutation: Your flesh is heat resistant. [potion of beneficial mutation]
  9779 | Lair:1   | Found a frozen archway.
  9790 | IceCv    | Entered an ice cave
  9805 | IceCv    | Reached skill level 14 in Fighting
 10230 | IceCv    | Reached XP level 11. HP: 97/110 MP: 10/10
 11367 | IceCv    | HP: 5/110 [ice statue] (14)]
 11367 | IceCv    | Killed from afar by an ice statue

Vault maps used:
D:1:      saegor_arrival_simple_f
D:2:      grunt_dithmenos_smoke_and_mirrors, okawaru_trees_1, elyvilon_altar_3,
          uniq_natasha
D:3:      nemelex_deck
D:4:      serial_shops, shop_fountains, chequers_ossuary_entry_cave,
          fedhas_altar_4, uniq_menkaure
D:5:      nicolae_overflow_crystal_walls, lemuel_crystal_altar,
          makhleb_heckhound_becter, first_bread, minmay_misc_feat_enclosed
D:6:      cheibriados_altar_1, grunt_qazlal_clouds, vehumet_crystals,
          nicolae_overflow_hidden_temple, minitemple, minmay_temple_entry_trees,
          basic_altar
D:7:      the_bakery
D:8:      old_standard_altar
D:9:      nicolae_tso_swordbearing_angel, lair_0_dummy, basic_altar
D:10:     hiddenorc1_lemuel, serial_shops, nicolae_shop_statue_plus, shop, shop,
          shop, minmay_misc_feat_iff, uniq_sonja
Lair:1:   special_room, portal_ice_cave_entry_pillars_02, st_stairs_11,
          infiniplex_staircase_pool
IceCv:    ice_cave_tombish

Action                   |  1- 3 |  4- 6 |  7- 9 | 10-12 || total
-------------------------+-------+-------+-------+-------++-------
Melee: War axe           |   117 |   139 |   286 |   172 ||   714
       Executioner's axe |       |       |       |    59 ||    59
Invok: Heroism           |       |       |     1 |     1 ||     2
  Use: Scroll            |       |     7 |     7 |     3 ||    17
       Potion            |       |     1 |     8 |     6 ||    15
  Eat: Chunk             |       |     6 |     5 |     5 ||    16
       Fruit             |       |     1 |     3 |       ||     4
       Beef jerky        |       |     1 |       |       ||     1
       Meat ration       |       |       |     1 |     1 ||     2
       Bread ration      |       |       |       |     1 ||     1
